 Dungeon Crawl Stone Soup version 0.22.0-40-g68aacdc4c8 (webtiles) character file.

801 Peloso the Slasher (level 7, -1/61 HPs)
             Began as a Minotaur Fighter on Sept 2, 2018.
             Slain by a gnoll sergeant
             ... wielding a +1 spear of venom
              (7 damage)
             ... on level 5 of the Dungeon.
             The game lasted 00:06:35 (3548 turns).

Peloso the Slasher (Minotaur Fighter)               Turns: 3548, Time: 00:06:36

Health: -1/61      AC: 13    Str: 21    XL:     7   Next: 59%
Magic:  6/6        EV:  6    Int:  8    God:
Gold:   264        SH: 10    Dex: 11    Spells: 6/6 levels left

rFire    + . .     SeeInvis +   a - +0 long sword
rCold    + . .     Gourm    .   c - +0 shield
rNeg     . . .     Faith    .   b - +0 chain mail
rPois    +         Spirit   .   (helmet restricted)
rElec    +         Reflect  .   A - +2 cloak
rCorr    +         Harm     .   (no gloves)
MR       .....                  (no boots)
Stlth    ..........             u - amulet of magic regeneration
HPRegen  0.20/turn              j - +3 ring of intelligence
MPRegen  0.35/turn              v - ring of see invisible

@: lethally poisoned (-1 -> -34), resistant, hasted, invisible, very quick
A: retaliatory headbutt, horns 2
a: no special abilities


You were on level 5 of the Dungeon.
You were hungry.

You visited 1 branch of the dungeon, and saw 5 of its levels.
You also visited: Sewer.

You collected 264 gold pieces.

Inventory:

Hand Weapons
 a - a +0 long sword (weapon)
Armour
 b - a +0 chain mail (worn)
 c - a +0 shield (worn)
 A - a +2 cloak (worn)
Jewellery
 j - a +3 ring of intelligence (left hand)
 m - an uncursed ring of magical power
 u - an amulet of magic regeneration (around neck)
 v - a ring of see invisible (right hand)
Wands
 p - a wand of flame (23)
Scrolls
 g - 3 scrolls of remove curse
 i - 10 scrolls of identify {unknown}
 l - 2 scrolls of amnesia {unknown}
 o - 2 scrolls of blinking {unknown}
 t - a scroll of random uselessness {unknown}
 x - a scroll of noise {unknown}
 y - a scroll of teleportation {unknown}
Potions
 d - 2 potions of might
 e - a potion of haste
 h - a potion of mutation {unknown}
 k - 2 potions of resistance
 n - 2 potions of invisibility
 q - 2 potions of agility {unknown}
 r - 4 potions of curing {unknown}
 s - a potion of flight {unknown}
 w - a potion of brilliance {unknown}
Comestibles
 f - 8 rations


   Skills:
 + Level 5.3 Fighting
 + Level 7.1 Long Blades
 + Level 6.1 Armour
 + Level 1.3 Dodging
 + Level 0.5 Stealth
 + Level 5.3 Shields


You had 6 spell levels left.
You didn't know any spells.
Your spell library contained the following spells:

 Spells                   Type           Power        Failure   Level  Hunger
 Confusing Touch          Hex            #.....       100%        1    ##.....
 Flame Tongue             Conj/Fire      #....        100%        1    ##.....
 Throw Flame              Conj/Fire      #.....       100%        2    ###....
 Confuse                  Hex            #.......     100%        3    ####...
 Conjure Flame            Conj/Fire      #.......     100%        3    ####...
 Gell's Gravitas          Tloc           #.........   100%        3    ####...
 Inner Flame              Hex/Fire       #.......     100%        3    ####...
 Petrify                  Tmut/Erth      #.......     100%        4    #####..
 Sticky Flame             Conj/Fire      #.......     100%        4    #####..
 Fireball                 Conj/Fire      #.........   100%        5    ######.
 Metabolic Englaciation   Hex/Ice        #.........   100%        5    ######.
 Yara's Violent Unravell  Hex/Tmut       #.........   100%        5    ######.


Dungeon Overview and Level Annotations

Branches:
Dungeon (5/15)
 Temple: D:4-7

Altars:


Innate Abilities, Weirdness & Mutations

You reflexively headbutt those who attack you in melee.
You have a pair of horns on your head.


Message History

You furiously retaliate!
You headbutt the gnoll sergeant!
You riposte.
You hit the gnoll sergeant.
The gnoll sergeant is heavily wounded.
It was a potion of haste.
You feel yourself speed up.
* * * LOW HITPOINT WARNING * * *
You feel very sick. You block the gnoll's attack.
The gnoll sergeant hits you but does no damage.
You are more poisoned.
It was a potion of resistance.
You feel protected.
* * * LOW HITPOINT WARNING * * *
You feel sick. The gnoll hits you with a halberd.
* * * LOW HITPOINT WARNING * * *
It was a potion of invisibility.
You fade into invisibility!
* * * LOW HITPOINT WARNING * * *
You feel sick.
The gnoll sergeant hits you with a spear of venom!
You die...

#...<.....##########
####.##.###...# #.
#.......# #.#.########.
###...####..#..........
#.........##########.
###..##.#[# #.
#...##>#. ..
#...#)##.## #. #.###@#
## #. #gg...... #
.g....... ##........
#........ #........
#........ #........


You could see a gnoll sergeant and 2 gnolls.

Vanquished Creatures
  Sigmund (D:3)
  Purgy (Sewer)
  An ogre (D:5)
  2 scorpions (D:4)
  A water moccasin skeleton (D:4)
  A bullfrog skeleton (D:5)
  Crazy Yiuf (D:4)
  2 worker ants (D:5)
  3 gnolls (D:5)
  7 adders
  A shadow imp (D:5)
  2 oozes (D:2)
  4 worms
  3 dart slugs
  3 leopard geckos
  2 orcs (D:5)
  9 bats
  6 giant cockroaches
  4 goblins (D:1)
  5 hobgoblins
  14 jackals
  7 kobolds
  2 quokkas
  5 ball pythons (D:3)
  5 frilled lizards
  8 rats
100 creatures vanquished.

Notes
Turn   | Place    | Note
-------+----------+-------------------------------------------
     0 | D:1      | Peloso the Minotaur Fighter began the quest for the Orb.
     0 | D:1      | Reached XP level 1. HP: 19/19 MP: 0/0
   256 | D:1      | Reached XP level 2. HP: 21/27 MP: 1/1
   326 | D:1      | Reached skill level 3 in Long Blades
   683 | D:2      | Reached XP level 3. HP: 29/33 MP: 2/2
  1096 | D:2      | Reached XP level 4. HP: 40/41 MP: 3/3
  1323 | D:3      | Found a glowing drain.
  1377 | Sewer    | Entered a sewer
  1396 | Sewer    | Reached skill level 4 in Long Blades
  1399 | Sewer    | Noticed Purgy
  1407 | Sewer    | Killed Purgy
  1407 | Sewer    | Reached XP level 5. HP: 25/47 MP: 4/4
  1791 | D:3      | Noticed Sigmund
  1796 | D:3      | Killed Sigmund
  1796 | D:3      | Reached skill level 5 in Fighting
  1796 | D:3      | Reached skill level 5 in Long Blades
  1796 | D:3      | Reached skill level 5 in Armour
  1796 | D:3      | Reached XP level 6. HP: 46/56 MP: 5/5
  2263 | D:4      | Reached skill level 6 in Long Blades
  2716 | D:4      | Reached XP level 7. HP: 58/61 MP: 6/6
  2780 | D:4      | Found a runed door.
  2999 | D:4      | Reached skill level 1 in Dodging
  3169 | D:4      | Noticed Crazy Yiuf
  3174 | D:4      | Killed Crazy Yiuf
  3219 | D:5      | Entered Level 5 of the Dungeon
  3318 | D:5      | Reached skill level 5 in Shields
  3353 | D:5      | Reached skill level 7 in Long Blades
  3548 | D:5      | Slain by a gnoll sergeant

Skill      XL: |  1  2  3  4  5  6  7 |
---------------+----------------------+-----
Fighting       | 4 5 |  5.3
Long Blades    | 3 4 5 6 7 |  7.1
Armour         | 4 5 6 |  6.1
Shields        | 4 5 |  5.3
Dodging        | 1 |  1.3
Stealth        | |  0.5

Action                   |  1- 3 |  4- 6 |  7- 9 || total
-------------------------+-------+-------+-------++-------
Melee: Long sword        |    80 |    94 |    79 ||   253
       Headbutt          |    15 |    21 |    21 ||    57
  Use: Scroll            |       |     2 |       ||     2
       Potion            |       |     1 |     3 ||     4
  Eat: Chunk             |       |     5 |     3 ||     8
Armor: Scale mail        |    38 |       |       ||    38
       Chain mail        |     1 |    64 |    33 ||    98
Dodge: Dodged            |    20 |    27 |    17 ||    64
Block: Shield            |    52 |    54 |    44 ||   150
       Rpst.: Long sword |     6 |     3 |     3 ||    12
